 Dungeon Crawl Stone Soup version 0.28.0-53-g5a82cb258f (webtiles) character file.

Game seed: 7702740131506110616

10582 Zeld the Destroyer (level 11, -5/79 HPs)
             Began as a White Draconian Conjurer on June 9, 2022.
             Was an Initiate of Gozag.
             Slain by an eight-headed hydra (8 damage)
             ... on level 1 of the Lair of Beasts.
             The game lasted 00:23:38 (18140 turns).

Zeld the Destroyer (White Draconian Conjurer)      Turns: 18140, Time: 00:23:38

Health: -5/79      AC:  9    Str: 10    XL:     11   Next: 38%
Magic:  34/34      EV: 13    Int: 22    God:    Gozag
Gold:   210        SH:  0    Dex: 10    Spells: 19/30 levels left

rFire   . . .      SeeInvis +   a - +7 Screaming Sword {vorpal, sonic wave}
rCold   + . .      Faith    .   (no shield)
rNeg    . . .      Spirit   .   (armour unavailable)
rPois   .          Reflect  .   (helmet restricted)
rElec   .          Harm     .   (no cloak)
rCorr   .          Rampage  .   D - +1 pair of gloves
Will    .....                   (no boots)
Stlth   ++........              k - amulet of magic regeneration
HPRegen 0.23/turn               F - ring of magical power
MPRegen 0.64/turn               r - ring of see invisible

@: no status effects
A: breathe frost, AC +7, unfitting armour, cold resistance 1, cold-blooded
a: Breathe Frost, Renounce Religion, Potion Petition, Call Merchant, Bribe
Branch


You were on level 1 of the Lair of Beasts.
You worshipped Gozag.
Gozag was aware of your devotion.
You visited 3 branches of the dungeon, and saw 12 of its levels.
You also visited: Bailey and Gauntlet.

You collected 1790 gold pieces.
You spent 392 gold pieces at shops.
You paid 1188 gold pieces to Gozag.

Inventory:

Hand Weapons
 a - the +7 Screaming Sword (weapon) {vorpal, sonic wave}
   (You found it on level 9 of the Dungeon)

   It inflicts extra damage upon your enemies.
   It radiates damaging sonic waves as it strikes, especially in combat
   involving dangerous or numerous foes.
 b - the +4 long sword of the King {flame, rPois Will+ Dex-4}
   (You bought it in a shop on level 8 of the Dungeon)

   It burns those it strikes, dealing additional fire damage.
   Big, fiery blades are also staple armaments of hydra-hunters.
   Dex:       It affects your dexterity (-4).
   rPois:     It protects you from poison.
   Will:      It increases your willpower.
Armour
 d - an orb of energy
 D - a +1 pair of gloves (worn)
 G - the +0 pair of gloves of the Loofah {rPois Dex-2 Stlth+}
   (You found it in a Gauntlet)

   Dex:       It affects your dexterity (-2).
   rPois:     It protects you from poison.
   Stlth:     It makes you more stealthy.
Jewellery
 e - a ring of resist corrosion
 k - an amulet of magic regeneration (around neck)
 r - a ring of see invisible (right hand)
 F - a ring of magical power (left hand)
Wands
 j - a wand of paralysis (15)
 m - a wand of acid (5)
 n - a wand of flame (22)
 w - a wand of mindburst (6)
 y - a wand of digging (4)
 H - a wand of polymorph (4)
Scrolls
 g - a scroll of enchant weapon
 h - a scroll of enchant armour
 i - 8 scrolls of fear
 l - 2 scrolls of holy word
 o - 2 scrolls of amnesia
 q - a scroll of blinking
 s - 3 scrolls of teleportation
 x - 2 scrolls of fog {unknown}
 z - a scroll of immolation {unknown}
 C - a scroll of magic mapping {unknown}
 I - a scroll of brand weapon {unknown}
 J - a scroll of identify
Potions
 c - 3 potions of resistance
 f - 2 potions of might {unknown}
 p - a potion of curing
 t - a potion of brilliance {unknown}
 u - 2 potions of lignification {unknown}
 v - 3 potions of invisibility {unknown}
 A - a potion of haste {unknown}
 B - a potion of flight {unknown}
Miscellaneous
 E - a box of beasts (inert)


   Skills:
 + Level 1.7 Fighting
 * Level 2.4 Long Blades
 + Level 5.8 Dodging
 - Level 1.7 Stealth
 + Level 10.1 Spellcasting
 * Level 10.4 Conjurations
 - Level 2.0 Hexes
 - Level 2.0 Translocations
 + Level 7.8 Evocations


You had 19 spell levels left.
You knew the following spells:

 Your Spells              Type           Power      Damage    Failure   Level
a - Magic Dart            Conj           100%       1d8       1%          1
b - Searing Ray           Conj           100%       2d8       1%          2
c - Fulminant Prism       Conj/Hex       19%        3d11      4%          4
d - Iskenderun's Mystic   Conj/Tloc      38%        2d9       4%          4

Your spell library contained the following spells:

 Spells                   Type           Power      Damage    Failure   Level
 Shock                    Conj/Air       100%       1d9       1%          1
 Dazzling Flash           Conj/Hex       76%        N/A       1%          3
 Apportation              Tloc           38%        N/A       2%          1
 Blink                    Tloc           38%        N/A       4%          2
 Animate Skeleton         Necr           22%        N/A       6%          1
 Summon Small Mammal      Summ           44%        N/A       6%          1
 Ensorcelled Hibernation  Hex/Ice        30%        N/A       6%          2
 Lesser Beckoning         Tloc           19%        N/A       8%          3
 Portal Projectile        Hex/Tloc       38%        N/A       8%          3
 Passwall                 Tmut/Erth      9%         N/A       9%          2
 Sublimation of Blood     Necr           11%        N/A       9%          2
 Wereblood                Tmut           11%        N/A       9%          2
 Call Canine Familiar     Summ           11%        N/A       19%         3
 Ozocubu's Armour         Ice            11%        N/A       19%         3
 Swiftness                Air            11%        N/A       19%         3
 Lightning Bolt           Conj/Air       17%        1d31      19%         5
 Passage of Golubria      Tloc           19%        N/A       26%         4
 Leda's Liquefaction      Hex/Erth       7%         N/A       36%         4
 Airstrike                Air            5%         N/A       52%         4
 Summon Lightning Spire   Summ/Air       11%        N/A       52%         4
 Manifold Assault         Tloc           19%        N/A       58%         5
 Metabolic Englaciation   Hex/Ice        7%         N/A       73%         5
 Silence                  Hex/Air        7%         N/A       73%         5
 Blade Hands              Tmut           5%         N/A       86%         5
 Excruciating Wounds      Necr           5%         N/A       86%         5
 Simulacrum               Ice/Necr       5%         N/A       100%        6
 Summon Hydra             Summ           5%         N/A       100%        7
 Lehudib's Crystal Spear  Conj/Erth      17%        10d5      100%        8


Dungeon Overview and Level Annotations

Branches:
Dungeon (10/15)            Temple (1/1) D:4            Lair (1/6) D:9
 Bailey (visited)         Gauntlet (visited)
    Orc: D:9-12

Altars:
Ashenzari
Cheibriados
Dithmenos
Elyvilon
Fedhas
Gozag
Hepliaklqana
Kikubaaqudgha
Makhleb
Nemelex Xobeh
Okawaru
Qazlal
Ru
Sif Muna
Trog
Uskayaw
Vehumet
Wu Jian
Xom
Yredelemnul
Zin
The Shining One

Shops:
D:8 (

Annotations:
D:8 Joseph


Innate Abilities, Weirdness & Mutations

You can breathe waves of freezing cold which knock back foes.
Your icy white scales are hard. (AC +7)
You cannot fit into any form of body armour.
Your flesh is cold resistant. (rC+)
You are cold-blooded and may be slowed by cold attacks.


Message History

The eight-headed hydra bites you!
* * * LOW HITPOINT WARNING * * *
The eight-headed hydra bites you.
* * * LOW HITPOINT WARNING * * *
The eight-headed hydra barely misses you.
You feel better. The cane toad closely misses you.
The eight-headed hydra misses you. The eight-headed hydra bites you.
* * * LOW HITPOINT WARNING * * *
The eight-headed hydra bites you but does no damage.
The eight-headed hydra completely misses you.
The eight-headed hydra bites you.
* * * LOW HITPOINT WARNING * * *
The eight-headed hydra bites you!
* * * LOW HITPOINT WARNING * * *
The eight-headed hydra barely misses you.
The eight-headed hydra closely misses you.
Unknown command. [a] - 377 gold - heal wounds, curing and berserk rage [b] - 336 gold - heal wounds, curing and magic [c] - 216 gold - might and brilliance Purchase which effect? [a] - 377 gold - heal wounds, curing and berserk rage [b] - 336 gold - heal wounds, curing and magic [c] - 216 gold - might and brilliance Purchase which effect?
You no longer have enough gold to petition Gozag for potion effects.
You feel much better.
You feel better. Magic courses through your body.
The cane toad barely misses you. The eight-headed hydra bites you!
* * * LOW HITPOINT WARNING * * *
The eight-headed hydra bites you.
* * * LOW HITPOINT WARNING * * *
The eight-headed hydra bites you but does no damage.
The eight-headed hydra bites you.
* * * LOW HITPOINT WARNING * * *
The eight-headed hydra bites you!
* * * LOW HITPOINT WARNING * * *
The eight-headed hydra bites you but does no damage.
The eight-headed hydra bites you!
You die...
Your body crumbles into a pile of gold.

⌠. #... ##..#
..##...##..P#
...... #....##
......##$...#
......#.....####.
....##.......P..$.
.⌠................
+.....F...........
.......@...####...
.......D..## ...
..........# ..
..........#
..####....# #
##..P# ##..# #..


You could see an eight-headed hydra and a cane toad.

Vanquished Creatures
  Erica (D:9)
  3 sixfirhies (Gauntlet)
  An orc knight (Bailey)
  A komodo dragon (D:9)
  A troll (D:10)
  Prince Ribbit (D:9)
  2 shadows (D:9)
  2 wraiths
  Eustachio (D:5)
  7 yaks
  3 chaos spawn (Gauntlet)
  A neqoxec (Gauntlet)
  A wyvern (D:9)
  An acid dragon (D:9)
  2 water moccasins
  3 orc warriors
  2 black bears
  4 ogres
  A sky beast (D:6)
  A centaur (D:10)
  10 kobold brigands
  A gnoll sergeant (D:7)
  2 bullfrogs
  3 scorpions
  A water moccasin skeleton (D:4)
  A killer bee (D:10)
  7 wights
  5 howler monkeys
  7 centaur zombies
  2 bullfrog zombies
  7 hounds
  A bullfrog skeleton (D:4)
  An orc priest (D:7)
  A jelly (D:6)
  An iguana (D:6)
  Jessica (D:2)
  A centaur skeleton (D:4)
  6 orc wizards
  A killer bee zombie (D:4)
  The ghost of osoart the Insei, a weakling DsTm (D:4)
  A howler monkey zombie (D:10)
  2 howler monkey skeletons (D:7)
  7 gnolls
  9 adders
  A shadow imp (D:3)
  A white imp (D:6)
  4 ufetubi (Gauntlet)
  4 dart slugs
  A worm (D:3)
  9 orcs
  5 ball pythons
  15 bats
  5 endoplasms
  2 giant cockroaches
  4 goblins
  3 hobgoblins
  2 jackals (D:1)
  28 kobolds
  4 quokkas
  5 frilled lizards
  6 rats
217 creatures vanquished.

Vanquished Creatures (others)
  4 demonic plants (Gauntlet)
  3 fulminant prisms
  5 fungi
  9 plants (D:9)
21 creatures vanquished.

Grand Total: 238 creatures vanquished

Notes
Turn   | Place    | Note
-------+----------+-------------------------------------------
     0 | D:1      | Zeld the Draconian Conjurer began the quest for the Orb.
     0 | D:1      | Reached XP level 1. HP: 14/14 MP: 3/3
   452 | D:1      | Reached XP level 2. HP: 20/20 MP: 5/5
   462 | D:1      | Learned a level 2 spell: Searing Ray
   510 | D:2      | Reached skill level 1 in Hexes
   510 | D:2      | Reached skill level 1 in Translocations
   795 | D:1      | Found a faded altar of an unknown god.
   889 | D:2      | Reached XP level 3. HP: 26/26 MP: 2/6
  1548 | D:3      | Found a shadowy altar of Dithmenos.
  1678 | D:4      | Reached XP level 4. HP: 33/33 MP: 7/7
  1682 | D:4      | Found Zin's Purification Station.
  1685 | D:4      | Found a glowing silver altar of Zin.
  1802 | D:4      | Learned a level 4 spell: Iskenderun's Mystic Blast
  2023 | D:4      | Noticed a scorpion
  2062 | D:4      | Found a staircase to the Ecumenical Temple.
  2077 | Temple   | Entered the Ecumenical Temple
  2084 | Temple   | Reached skill level 1 in Evocations
  2454 | D:1      | You fall into a shaft and drop 1 floor!
  2927 | D:2      | Noticed Jessica
  2945 | D:2      | Killed Jessica
  2946 | D:2      | Reached XP level 5. HP: 17/38 MP: 2/9
  3719 | D:4      | Found a transporter.
  3970 | D:4      | Found a transporter.
  3970 | D:4      | Noticed osoart's ghost (weakling DsTm)
  4060 | D:4      | Noticed an ogre
  4067 | D:4      | Killed an ogre
  4068 | D:4      | Reached skill level 5 in Conjurations
  4068 | D:4      | Reached XP level 6. HP: 27/45 MP: 1/11
  4073 | D:4      | Learned a level 4 spell: Fulminant Prism
  4601 | D:4      | Found a glowing golden altar of the Shining One.
  4756 | D:5      | Entered Level 5 of the Dungeon
  4926 | D:5      | Found a burning altar of Makhleb.
  5220 | D:5      | Noticed Eustachio
  5227 | D:5      | Your scales start taking on an icy white colour.
  5227 | D:5      | Reached XP level 7. HP: 44/50 MP: 6/13
  5227 | D:5      | Gained mutation: Your flesh is cold resistant. (rC+) [White
                  | Draconian growth]
  5257 | D:5      | Killed Eustachio
  5898 | D:6      | Reached skill level 5 in Spellcasting
  6108 | D:6      | Reached XP level 8. HP: 33/57 MP: 2/16
  8384 | D:6      | Reached XP level 9. HP: 19/62 MP: 0/19
  9013 | D:7      | Reached skill level 5 in Evocations
  9218 | D:7      | Found a faded altar of an unknown god.
  9218 | D:7      | Noticed a gargoyle
  9219 | D:7      | Found a hazy altar of Hepliaklqana.
  9457 | D:8      | Found an opulent altar of Gozag.
  9460 | D:8      | Became a worshipper of Gozag Ym Sagoz the Greedy
  9640 | D:8      | Found a flagged portal.
  9656 | Bailey   | Entered a bailey
 10185 | Bailey   | Noticed an orc knight
 10189 | Bailey   | Killed an orc knight
 10365 | Bailey   | HP: 2/62 [orc warrior/+0 war axe (12)]
 10371 | Bailey   | Reached XP level 10. HP: 4/69 MP: 2/22
 10698 | Bailey   | Found a bloodstained altar of Trog.
 10859 | D:8      | Noticed Joseph
 11223 | D:8      | Found a broken altar of Ashenzari.
 11311 | D:8      | Found a radiant altar of Vehumet.
 11580 | D:4      | Bought 2 potions of curing for 180 gold pieces
 12032 | D:4      | Killed osoart's ghost
 12695 | D:9      | Noticed Erica
 12956 | D:9      | Reached skill level 10 in Conjurations
 13056 | D:9      | Found an ornate altar of the Wu Jian Council.
 13127 | D:8      | Bought an iridescent long sword for 212 gold pieces
 13127 | D:8      | Identified the +4 long sword of the King {flame, rPois
                  | Will+ Dex-4} (You bought it in a shop on level 8 of the
                  | Dungeon)
 13253 | D:9      | Found a staircase to the Lair.
 13369 | D:9      | Found a sacrificial altar of Ru.
 13387 | D:9      | Killed Erica
 13555 | D:9      | Noticed Prince Ribbit
 13582 | D:9      | Killed Prince Ribbit
 13666 | D:9      | Found the +7 Singing Sword {vorpal, sonic wave}
 14000 | D:10     | Entered Level 10 of the Dungeon
 14628 | D:10     | Reached skill level 5 in Dodging
 15466 | D:10     | Reached skill level 10 in Spellcasting
 15466 | D:10     | Reached XP level 11. HP: 65/74 MP: 8/25
 15642 | D:10     | Noticed a death knight
 15642 | D:10     | Noticed a tengu warrior
 16166 | Lair:1   | Entered Level 1 of the Lair of Beasts
 16454 | Lair:1   | Noticed an eight-headed hydra
 16466 | Lair:1   | Found a gate leading to a gauntlet.
 16476 | Gauntlet | Entered a Gauntlet
 16476 | Gauntlet | Found a transporter.
 16816 | Gauntlet | Found a transporter.
 16818 | Gauntlet | Found a transporter.
 16823 | Gauntlet | Found a runed translucent door.
 16823 | Gauntlet | Found a runed translucent door.
 16828 | Gauntlet | Found a transporter.
 16831 | Gauntlet | Found a transporter.
 16836 | Gauntlet | Noticed an obsidian statue
 16840 | Gauntlet | Found a runed translucent door.
 16843 | Gauntlet | Found a transporter.
 16860 | Gauntlet | Found a transporter.
 16867 | Gauntlet | Found a transporter.
 16876 | Gauntlet | Noticed a sixfirhy
 16878 | Gauntlet | Noticed a sixfirhy
 16879 | Gauntlet | Found a transporter.
 16893 | Gauntlet | Found a transporter.
 16906 | Gauntlet | Found a runed translucent door.
 16906 | Gauntlet | Noticed a sixfirhy
 16907 | Gauntlet | Found a transporter.
 16907 | Gauntlet | Found a transporter.
 16908 | Gauntlet | Found a runed translucent door.
 16965 | Gauntlet | Found a transporter.
 16968 | Gauntlet | Found a transporter.
 17056 | Gauntlet | Reached skill level 1 in Long Blades
 17471 | Gauntlet | Killed a sixfirhy
 17472 | Gauntlet | Reached skill level 1 in Fighting
 17676 | Gauntlet | Identified the +0 pair of gloves of the Loofah {rPois Dex-2
                  | Stlth+}
 17678 | Gauntlet | Killed a sixfirhy
 17679 | Gauntlet | HP: 1/78 [sixfirhy (11)]
 17685 | Gauntlet | Killed a sixfirhy
 18119 | Gauntlet | Noticed a minotaur
 18139 | Lair:1   | HP: 2/79 [eight-headed hydra (8)]
 18140 | Lair:1   | Slain by an eight-headed hydra

Illustrated notes

Levels and vault maps discovered:
D:1:      minmay_arrival_four_loops, layout_basic, ebering_ecumenical_altar_box
D:2:      layout_basic, uniq_jessica
D:3:      layout_loops_ring, lemuel_doored_altar
D:4:      layout_basic, zin_purify, old_standard_altar,
          minmay_temple_entry_mini_moons, gammafunk_ghost_mausoleum
D:5:      layout_loops_ring, mainiacjoe_overflow_alcove_1,
          chequers_serial_rivers_micro_a, uniq_eustachio
D:6:      layout_layer_cave, minmay_splitting_lines
D:7:      layout_rooms, beargit_hepliaklqana_dungeon_heroes
D:8:      layout_basic, mainiacjoe_overflow_alcove_2,
          mainiacjoe_overflow_cross_hatched, kennysheep_mini_moat,
          enter_bailey_6, uniq_joseph
D:9:      old_forge, layout_cave_pools, nicolae_ru_path_of_blood,
          pdpol_wu_jian_five_deadly_venoms, david_lair_shrubbed, uniq_erica,
          uniq_prince_ribbit1
D:10:     minmay_chambers_of_sevens, layout_long_grid, minmay_circle_x
Temple:   chequers_temple_sunken
Lair:1:   layout_cave_pods, gauntlet_entry_generic, grunt_megastairs_5,
          infiniplex_staircase_pool_2

Skill      XL: |  1  2  3  4  5  6  7  8  9 10 11 |
---------------+----------------------------------+-----
Hexes          | 1 2 |  2.0
Translocations | 1 2 |  2.0
Evocations     | 1 2 3 4 5 7 |  7.8
Spellcasting   | 3 4 5 6 8 10 | 10.1
Conjurations   | 5 6 8 9 10 | 10.4
Dodging        | 3 5 |  5.8
Long Blades    | 2 |  2.4
Fighting       | 1 |  1.7
Stealth        | |  1.7

Action                   |  1- 3 |  4- 6 |  7- 9 | 10-12 || total
-------------------------+-------+-------+-------+-------++-------
Melee: Dagger            |    56 |    37 |    99 |    41 ||   233
       Tailslap          |     6 |     9 |    10 |    13 ||    38
       Punch             |       |       |     1 |     1 ||     2
       Double sword      |       |       |       |    36 ||    36
       Long sword        |       |       |       |     9 ||     9
 Cast: Magic Dart        |     9 |     2 |     2 |       ||    13
       Searing Ray       |     9 |    22 |    42 |     7 ||    80
       Iskenderun's Myst |       |     3 |    26 |   113 ||   142
       Fulminant Prism   |       |       |     1 |     2 ||     3
Invok: Call Merchant     |       |       |       |     1 ||     1
       Potion Petition   |       |       |       |     1 ||     1
 Abil: Breathe Frost     |       |       |     8 |       ||     8
Evoke: Wand              |       |       |     8 |       ||     8
       Box of beasts     |       |       |       |     1 ||     1
  Use: Scroll            |       |       |     6 |     7 ||    13
       Potion            |       |       |     2 |     5 ||     7
 Stab: Sleeping          |     2 |     3 |       |       ||     5
Armor: Skin              |    29 |    21 |    83 |    94 ||   227
Dodge: Dodged            |    56 |    61 |   274 |   170 ||   561
